 Dungeon Crawl Stone Soup version 0.24.0-123-gd5b16e6ec5 (webtiles) character file.

Game seed: 17537505955358957114, levelgen mode: deterministic

33485 Curus the Spry (level 13, -1/111 HPs)
             Began as a Merfolk Gladiator on Jan 14, 2020.
             Was the Champion of Okawaru.
             Slain by a seven-headed hydra (14 damage)
             ... on level 6 of the Lair of Beasts on Jan 15, 2020.
             The game lasted 01:14:01 (11795 turns).

Curus the Spry (Merfolk Gladiator)                 Turns: 11795, Time: 01:14:02

Health: -1/111     AC: 11    Str: 14    XL:     13   Next: 71%
Magic:  17/19      EV: 37    Int: 13    God:    Okawaru [******]
Gold:   714        SH: 10    Dex: 24    Spells: 12/12 levels left

rFire    + . .     SeeInvis .   x - +2 trident (flame)
rCold    + . .     Gourm    .   j - +2 buckler
rNeg     . . .     Faith    .   q - +2 leather armour {MR+}
rPois    +         Spirit   .   c - +1 helmet
rElec    +         Reflect  .   K - scarf {rC+ rF+}
rCorr    .         Harm     .   Q - +0 pair of gloves of Autotheism {rElec Int+4}
MR       +....                  o - +1 pair of boots
Stlth    ++++......             i - amulet of regeneration
HPRegen  0.68/turn              F - ring of poison resistance
MPRegen  0.16/turn              l - ring of flight

@: agile, heroism
A: change form in water, swift swim, stealthy swim
a: Heroism, Finesse, Renounce Religion, Evoke Flight


You were on level 6 of the Lair of Beasts.
You worshipped Okawaru.
Okawaru was exalted by your worship.
You were very hungry.

You visited 2 branches of the dungeon, and saw 14 of its levels.
You also visited: Ossuary.

You collected 894 gold pieces.
You spent 180 gold pieces at shops.

Inventory:

Hand Weapons
 a - a +1 trident
 p - the +3 halberd "Beetle's Nightmare" {holy, Dex+3}
   (Okawaru gifted it to you on level 2 of the Lair of Beasts)

   It has been blessed by the Shining One to cause great damage to the undead
   and demons.
   It affects your dexterity (+3).
 x - a +2 trident of flaming (weapon)
Missiles
 d - 2 throwing nets (quivered)
Armour
 b - a +0 leather armour
 c - a +1 helmet (worn)
 j - a +2 buckler (worn)
 o - a +1 pair of boots (worn)
 q - a +2 leather armour of magic resistance (worn)
 u - the +1 cloak of the Last Scars {Str+4}
   (You bought it in a shop on level 7 of the Dungeon)

   It affects your strength (+4).
 C - the +0 pair of gloves "Tadout" {rPois}
   (Okawaru gifted it to you on level 3 of the Lair of Beasts)

   It protects you from poison.
 K - a scarf of resistance (worn)
 M - a +2 pair of gloves
 N - a +2 pair of gloves of strength
 Q - the +0 pair of gloves of Autotheism (worn) {rElec Int+4}
   (Okawaru gifted it to you on level 6 of the Lair of Beasts)

   It affects your intelligence (+4).
   It insulates you from electricity.
Jewellery
 g - an uncursed ring of stealth
 h - an uncursed amulet of faith
 i - an amulet of regeneration (around neck)
 l - a ring of flight (right hand)
 z - a -3 ring of dexterity
 D - an uncursed ring of stealth
 F - a ring of poison resistance (left hand)
 H - a +6 ring of intelligence
 L - a +5 ring of strength
 O - a cursed amulet of the acrobat
Wands
 r - a wand of flame (4)
 s - a wand of iceblast (16)
 I - a wand of random effects (28)
Scrolls
 k - 4 scrolls of magic mapping
 n - 14 scrolls of identify
 v - 3 scrolls of fog
 w - 4 scrolls of teleportation
 y - a scroll of blinking
 G - 6 scrolls of remove curse
 J - a scroll of amnesia
Potions
 e - a potion of cancellation
 m - 5 potions of curing
 t - 2 potions of flight
 A - 3 potions of resistance
 B - a potion of haste
Miscellaneous
 E - a phantom mirror
Comestibles
 f - 27 rations


   Skills:
 + Level 13.4(18.4) Fighting
 - Level 14.1(19.1) Polearms
 - Level 2.0(7.0) Throwing
 + Level 15.8(20.8) Dodging
 - Level 4.1(9.1) Shields
 - Level 8.2 Invocations
 - Level 7.2 Evocations


You had 12 spell levels left.
You didn't know any spells.
Your spell library contained the following spells:

 Spells                   Type           Power        Failure   Level  Hunger
 Animate Skeleton         Necr           N/A          36%         1    ##.....
 Pain                     Necr           #...         36%         1    ##.....
 Regeneration             Chrm/Necr      #.........   75%         3    ####...
 Vampiric Draining        Necr           #.........   75%         3    ####...
 Animate Dead             Necr           N/A          98%         4    #####..


Dungeon Overview and Level Annotations

Branches:
Dungeon (8/15)             Temple (0/1) D:7            Lair (6/6) D:8
  Swamp (0/4) Lair:4       Spider (0/4) Lair:3        Slime (0/5) Lair:5
Ossuary (visited)

Altars:
Dithmenos
Gozag
Makhleb
Okawaru
Qazlal
Ru
Trog
Uskayaw
Vehumet
Wu Jian
Xom
Jiyva

Shops:
D:4 %   D:7 [

Annotations:
D:4 1 runed translucent door, war10ck's ghost, novice MiBe


Message History

The seven-headed hydra completely misses you.
The seven-headed hydra bites you!
* * * LOW HITPOINT WARNING * * *
You block the seven-headed hydra's attack. x2
The seven-headed hydra closely misses you.
The seven-headed hydra completely misses you.
You feel agile all of a sudden.
The seven-headed hydra completely misses you.
The seven-headed hydra misses you.
You block the seven-headed hydra's attack.
The seven-headed hydra bites you but does no damage.
You block the seven-headed hydra's attack. x2
The seven-headed hydra completely misses you.
You hit the seven-headed hydra. You burn the seven-headed hydra.
The seven-headed hydra is severely wounded.
You puncture the seven-headed hydra! You burn the seven-headed hydra.
The seven-headed hydra is almost dead.
You block the seven-headed hydra's attack. x2
The seven-headed hydra bites you!
You die...

.........................##
........................##
.........................#
......÷.......(.........P##
.........................P#
##........................#
####....................P#
###..######.........P.# 8#
#### #####@.......P## ≈#
#≈≈ #.D......## ≈### #≈≈
##.........# §≈≈≈#≈≈
#.........## #≈≈§≈
##.........## #≈§§#
#...........#
#≈≈.#####..........P#
###.8#8###.........##
##....## #.........#


You could see a seven-headed hydra.

Vanquished Creatures
  8 hydras
  A catoblepas (Lair:5)
  A death yak (Lair:5)
  Urug (Lair:4)
  A fire crab (Lair:6)
  3 elephants (Lair:4)
  7 black mambas
  6 spiny frogs
  4 rime drakes
  11 komodo dragons
  3 polar bears
  A tyrant leech (Lair:4)
  5 hippogriffs
  7 blink frogs
  10 dream sheep (Lair:5)
  A spriggan (D:7)
  2 redbacks (Lair:3)
  2 wyverns
  19 yaks
  A basilisk (Lair:3)
  Menkaure (Ossuary)
  3 swamp worms (Lair:4)
  12 water moccasins
  2 hell hounds (Lair:6)
  7 porcupines
  2 orc warriors
  An ice beast (D:5)
  5 necrophages (Lair:3)
  A sky beast (D:6)
  A hornet zombie (D:7)
  3 phantoms
  2 ogres
  A centaur (D:7)
  13 wolves
  13 crocodiles
  8 bullfrogs
  5 killer bees (D:7)
  5 howler monkeys
  An electric eel (Lair:3)
  4 lava snakes (Lair:6)
  A crimson imp (D:5)
  3 centaur zombies (Ossuary)
  A hound (D:7)
  A human zombie (Ossuary)
  A quasit (D:6)
  3 orc priests
  2 bullfrog skeletons
  4 iguanas
  10 orc wizards
  6 hell rats (Lair:5)
  A worker ant (D:7)
  2 ogre zombies (Ossuary)
  A hound zombie (D:7)
  6 mummies (Ossuary)
  A worker ant zombie (D:6)
  13 adders
  10 gnolls
  2 howler monkey skeletons (D:6)
  2 shadow imps
  An ooze (D:1)
  5 adder zombies
  A dart slug (D:5)
  5 leopard geckos
  34 orcs
  2 ball pythons
  7 bats
  6 giant cockroaches
  9 goblins
  9 hobgoblins
  12 jackals
  5 quokkas
  4 frilled lizards
  A giant cockroach zombie (D:5)
  7 goblin zombies (Ossuary)
  3 hobgoblin zombies (Ossuary)
  7 kobolds
  6 kobold zombies (Ossuary)
  A leopard gecko skeleton (D:6)
  An orc zombie (Ossuary)
  2 quokka zombies (Ossuary)
  5 rats
  A rat zombie (Ossuary)
  A plant (Lair:5)
389 creatures vanquished.

Vanquished Creatures (others)
  9 fungi
  5 plants
14 creatures vanquished.

Grand Total: 403 creatures vanquished

Notes
Turn   | Place    | Note
-------+----------+-------------------------------------------
     0 | D:1      | Curus the Merfolk Gladiator began the quest for the Orb.
     0 | D:1      | Reached XP level 1. HP: 16/16 MP: 1/1
    17 | D:1      | Reached skill level 5 in Polearms
    18 | D:1      | Reached XP level 2. HP: 13/22 MP: 2/2
   542 | D:1      | Reached XP level 3. HP: 27/27 MP: 3/3
  1078 | D:2      | Reached XP level 4. HP: 33/33 MP: 4/4
  1094 | D:2      | Found an iron altar of Okawaru.
  1096 | D:2      | Found an ornate altar of the Wu Jian Council.
  1118 | D:2      | Became a worshipper of Warmaster Okawaru
  1489 | D:3      | Found a sacrificial altar of Ru.
  1539 | D:3      | Reached XP level 5. HP: 36/38 MP: 5/5
  2246 | D:4      | Reached XP level 6. HP: 44/44 MP: 6/6
  2316 | D:4      | Reached skill level 10 in Polearms
  2397 | D:4      | Found a runed translucent door.
  2473 | D:4      | Reached * piety under Okawaru
  2477 | D:4      | Reached XP level 7. HP: 40/50 MP: 7/7
  2501 | D:4      | Found Xiyv Ubb's Food Shoppe.
  2693 | D:4      | Noticed war10ck's ghost (novice MiBe)
  2715 | D:5      | Entered Level 5 of the Dungeon
  3008 | D:5      | Reached XP level 8. HP: 35/56 MP: 8/8
  3261 | D:6      | Reached ** piety under Okawaru
  3438 | D:6      | Found a stormy altar of Qazlal.
  3439 | D:6      | Found an opulent altar of Gozag.
  3440 | D:6      | Found a hide-covered altar of Uskayaw.
  3512 | D:6      | Found a bloodstained altar of Trog.
  3512 | D:6      | Found a burning altar of Makhleb.
  3517 | D:6      | Found a shadowy altar of Dithmenos.
  3517 | D:6      | Found a shimmering altar of Xom.
  3518 | D:6      | Found a radiant altar of Vehumet.
  3676 | D:6      | Reached skill level 5 in Dodging
  3937 | D:7      | Found Hudiughi's Antique Armour Shoppe.
  3950 | D:7      | Bought a heavily runed cloak for 180 gold pieces
  3955 | D:7      | Identified the +1 cloak of the Last Scars {Str+4} (You
                  | bought it in a shop on level 7 of the Dungeon)
  3955 | D:7      | Found a staircase to the Ecumenical Temple.
  4088 | D:7      | Reached skill level 6 in Dodging
  4088 | D:7      | Reached XP level 9. HP: 65/65 MP: 9/9
  4137 | D:7      | Found a sand-covered staircase.
  4153 | D:7      | Reached skill level 5 in Fighting
  4155 | D:7      | Reached *** piety under Okawaru
  4158 | D:7      | Reached skill level 7 in Dodging
  4179 | Ossuary  | Entered an ossuary
  4392 | Ossuary  | Noticed Menkaure
  4404 | Ossuary  | Killed Menkaure
  4404 | Ossuary  | Reached skill level 8 in Dodging
  4588 | D:7      | Reached **** piety under Okawaru
  4719 | D:7      | Reached skill level 9 in Dodging
  4866 | D:7      | Found a sacrificial altar of Ru.
  5088 | D:8      | Found a staircase to the Lair.
  5114 | Lair:1   | Entered Level 1 of the Lair of Beasts
  5206 | Lair:1   | Noticed a spiny frog
  5227 | Lair:1   | Killed a spiny frog
  5227 | Lair:1   | Reached XP level 10. HP: 13/79 MP: 9/11
  5620 | Lair:1   | Noticed a spiny frog
  5635 | Lair:1   | Killed a spiny frog
  6208 | Lair:2   | Reached skill level 1 in Evocations
  6212 | Lair:2   | Reached skill level 5 in Invocations
  6215 | Lair:2   | Reached ***** piety under Okawaru
  6229 | Lair:2   | Received a gift from Okawaru
  6230 | Lair:2   | Got a faintly glowing halberd {god gift}
  6346 | Lair:2   | Noticed a black mamba
  6356 | Lair:2   | Killed a black mamba
  6479 | Lair:2   | Noticed a spiny frog
  6494 | Lair:2   | Reached XP level 11. HP: 42/84 MP: 16/16
  6501 | Lair:2   | Reached skill level 5 in Evocations
  6699 | Lair:2   | Noticed a seven-headed hydra
  6722 | Lair:2   | Killed a seven-headed hydra
  6887 | Lair:2   | Received a gift from Okawaru
  6938 | Lair:1   | Identified the +3 halberd "Beetle's Nightmare" {holy,
                  | Dex+3} (Okawaru gifted it to you on level 2 of the Lair of
                  | Beasts)
  7654 | Lair:3   | Noticed a six-headed hydra
  7674 | Lair:3   | Received a gift from Okawaru
  7681 | Lair:3   | Killed a six-headed hydra
  7683 | Lair:3   | HP: 6/129 [polar bear (1)]
  7739 | Lair:3   | Got a pair of spiked gloves {god gift}
  7785 | Lair:3   | Reached skill level 10 in Dodging
  7910 | Lair:3   | Identified the +0 pair of gloves "Tadout" {rPois} (Okawaru
                  | gifted it to you on level 3 of the Lair of Beasts)
  8114 | Lair:3   | Found a hole to the Spider Nest.
  8189 | Lair:3   | Reached skill level 11 in Dodging
  8227 | Lair:3   | Reached XP level 12. HP: 79/95 MP: 18/18
  8544 | Lair:4   | Noticed a six-headed hydra
  8559 | Lair:3   | Killed a six-headed hydra
  8697 | Lair:4   | Noticed an eight-headed hydra
  8710 | Lair:4   | Killed an eight-headed hydra
  8710 | Lair:4   | Reached skill level 10 in Fighting
  8710 | Lair:4   | Reached skill level 12 in Dodging
  8852 | Lair:4   | Found a staircase to the Swamp.
  8853 | Lair:4   | Noticed a five-headed hydra
  8867 | Lair:4   | Killed a five-headed hydra
  9062 | Lair:4   | Noticed Urug
  9076 | Lair:4   | Killed Urug
  9076 | Lair:4   | Reached ****** piety under Okawaru
  9113 | Lair:4   | Noticed a six-headed hydra
  9126 | Lair:4   | Killed a six-headed hydra
  9126 | Lair:4   | Reached skill level 13 in Dodging
  9389 | Lair:4   | Received a gift from Okawaru
  9693 | Lair:5   | Noticed a catoblepas
  9706 | Lair:5   | Killed a catoblepas
  9765 | Lair:5   | Reached skill level 14 in Dodging
  9864 | Lair:5   | Reached XP level 13. HP: 84/107 MP: 19/19
 10550 | Lair:5   | Found a staircase to the Slime Pits.
 10551 | Lair:5   | Found a viscous altar of Jiyva.
 10845 | Lair:6   | Entered Level 6 of the Lair of Beasts
 10926 | Lair:6   | Reached skill level 15 in Dodging
 11517 | Lair:6   | Received a gift from Okawaru
 11594 | Lair:6   | Got a pair of warped gloves {god gift}
 11605 | Lair:6   | Identified the +0 pair of gloves of Autotheism {rElec
                  | Int+4} (Okawaru gifted it to you on level 6 of the Lair of
                  | Beasts)
 11630 | Lair:6   | Noticed a fire dragon
 11795 | Lair:6   | Slain by a seven-headed hydra

Levels and vault maps discovered:
D:1:      dpeg_arrival_windows_large_door, layout_rooms
D:2:      layout_loops_ring, minitemple, chequers_serial_rivers_micro_d
D:3:      layout_basic, nicolae_ru_awakened_eye
D:4:      layout_rooms, serial_shops, kennysheep_mini_moat,
          ebering_ghost_reflecting_pool, kennysheep_small_square
D:5:      layout_rooms, first_ration
D:6:      layout_basic, grunt_temple_overflow_open
D:7:      layout_basic, minmay_temple_entry_gardened_gates, serial_shops, shop,
          basic_altar, lightli_ossuary_entry_decrepit_ruins, the_bakery
D:8:      layout_basic, dpeg_oklobed_lair
Lair:1:   layout_concentric_octagons
Lair:2:   layout_chaotic_city, beast_lair_carwin_4
Lair:3:   layout_gridlike, spider_nest_entry_webs, roderic_carrion_pond
Lair:4:   layout_long_grid, palyth_hydra_swamp_entry, uniq_urug
Lair:5:   layout_cave_pods, slime_altar_1, infiniplex_staircase_pool_2,
          grunt_megastairs_5
Lair:6:   cheibrodos_lair_end_hotspot, layout_regular_city,
          eino_small_chamber_without_monster

Skill      XL: |  1  2  3  4  5  6  7  8  9 10 11 12 13 |
---------------+----------------------------------------+-----
Polearms       | 5 6 7 8 9 10 12 14 | 14.1
Fighting       | 4 7 9 11 13 | 13.4
Dodging        | 6 9 11 14 15 | 15.8
Shields        | 2 4 |  4.1
Invocations    | 2 7 8 |  8.2
Evocations     | 4 7 |  7.2
Throwing       | |  2.0

Action                   |  1- 3 |  4- 6 |  7- 9 | 10-12 | 13-15 || total
-------------------------+-------+-------+-------+-------+-------++-------
Melee: Trident           |    95 |   182 |   602 |   813 |   396 ||  2088
       Tailslap          |       |       |       |    16 |       ||    16
Throw: Throwing net      |       |       |     1 |     3 |     1 ||     5
Invok: Heroism           |       |       |     2 |     3 |     2 ||     7
Evoke: Wand              |       |       |     2 |     8 |       ||    10
  Use: Potion            |     3 |     5 |     2 |     4 |     1 ||    15
       Scroll            |     7 |     2 |     6 |     5 |     3 ||    23
 Stab: Sleeping          |       |    12 |    22 |     5 |       ||    39
       Distracted        |       |       |     1 |       |       ||     1
       Held in net/web   |       |       |     1 |     2 |       ||     3
  Eat: Chunk             |       |     5 |     9 |    12 |     6 ||    32
       Ration            |       |       |       |     1 |       ||     1
Armor: Leather armour    |    22 |    22 |    73 |    89 |    46 ||   252
Dodge: Dodged            |    73 |    71 |   217 |   497 |   265 ||  1123
Block: Buckler           |     3 |    22 |    83 |   222 |   118 ||   448
